cohdb
Replays
Latest Replays
All Replays
Popular Replays
Top Player Replays
Match Explorer
How It Works
Community
CoH3 Stats
Reddit
Sign in to upload your games and track your stats! →
Sign in with Steam
Match 47043860
Unlisted
Match 47043860
Overview
Messages
Build Orders
End
Construct Infanterie Kompanie
Selects Breakthrough Battlegroup
Selects Assault Grenadiers
Grenadier Squad
MG 42 Machine Gun Team
Grenadier Squad
Grenadier Squad
Construct Panzergrenadier Kompanie
Panzergrenadier Squad
Pak 40 Anti-tank Gun Team
Selects Rapid Production
Construct Panzer Kompanie
Panzer IV Medium Tank
Selects Blitzkrieg
Selects Smoke Bombing Run
Blitzkrieg
Panzer IV Medium Tank
Selects Incendiary Bombing Run
Incendiary Bombing Run
Stoßtruppen Squad
alexbrundin
保持心态
L4
ionwood
HR
不太彳亍
花海魔术师
小樱Young Dream
0
0
Comments
sign in to comment!
No comments posted yet!